 Dungeon Crawl Stone Soup version 0.27.0-1-g7a089689b8 (webtiles) character file.

Game seed: 7385874759149259922

11851 SkeletonJelly the Carver (level 11, 0/102 HPs)
             Began as a Yellow Draconian Monk on Aug 16, 2021.
             Was an Elder of the Shining One.
             Slain by a swamp worm (20 damage)
             ... on level 2 of the Lair of Beasts.
             The game lasted 00:23:05 (8406 turns).

SkeletonJelly the Carver (Yellow Draconian Monk)    Turns: 8406, Time: 00:23:05

Health: 0/102      AC:  9    Str: 20    XL:     11   Next: 54%
Magic:  19/19      EV: 13    Int: 11    God:    the Shining One [****..]
Gold:   509        SH:  0    Dex: 16    Spells: 10/10 levels left

rFire    . . .     SeeInvis .   z - +1 scimitar (freeze)
rCold    . . .     Faith    .   (no shield)
rNeg     + + .     Spirit   .   (armour unavailable)
rPois    .         Reflect  .   (helmet restricted)
rElec    .         Harm     .   (no cloak)
rCorr    +         Rampage  .   s - +1 pair of gloves
Will     .....                  (no boots)
Stlth    +.........             f - amulet of regeneration
HPRegen  1.27/turn              C - +6 ring of strength
MPRegen  0.16/turn              G - ring of flight

@: short of breath, flying, glowing
A: spit acid, AC +7, unfitting armour, cold-blooded, acid resistance
a: Breathe Acid, Renounce Religion, Divine Shield, Cleansing Flame


You were on level 2 of the Lair of Beasts.
You worshipped the Shining One.
The Shining One was greatly pleased with you.
You visited 2 branches of the dungeon, and saw 11 of its levels.

You collected 509 gold pieces.

Inventory:

Hand Weapons
 a - a +1 falchion of flaming
 r - a +2 rapier of holy wrath
 z - a +1 scimitar of freezing (weapon)
 L - a +0 short sword of electrocution
Missiles
 b - 34 poisoned darts
 o - 4 boomerangs
 D - 2 throwing nets
Armour
 g - a +0 cloak
 s - a +1 pair of gloves (worn)
Jewellery
 f - an amulet of regeneration (around neck)
 v - an amulet of magic regeneration
 C - a +6 ring of strength (left hand)
 G - a ring of flight (right hand)
Wands
 n - a wand of mindburst (20)
 y - a wand of iceblast (3)
 B - a wand of polymorph (13)
 E - a wand of acid (4)
Scrolls
 c - a scroll of vulnerability {unknown}
 d - 4 scrolls of enchant armour
 k - 3 scrolls of amnesia
 l - 10 scrolls of identify
 w - 3 scrolls of teleportation
Potions
 h - 4 potions of cancellation
 i - a potion of ambrosia {unknown}
 j - 3 potions of resistance {unknown}
 p - 3 potions of curing
 q - a potion of brilliance {unknown}
 t - a potion of mutation {unknown}
 u - a potion of attraction {unknown}
 x - 2 potions of berserk rage {unknown}
 F - 2 potions of haste {unknown}
 I - a potion of degeneration {unknown}
 J - a potion of flight {unknown}
 K - 2 potions of might
Miscellaneous
 m - a piece from Xom's chessboard (15/15)


   Skills:
 * Level 11.0 Fighting
 - Level 12.0 Long Blades
 - Level 2.6 Dodging
 - Level 1.7 Stealth
 + Level 11.4 Invocations


You had 10 spell levels left.
You didn't know any spells.
Your spell library contained the following spells:

 Spells                   Type           Power      Damage    Failure   Level
 Sandblast                Erth           0%         2d4       34%         1
 Passwall                 Tmut/Erth      0%         N/A       47%         2
 Static Discharge         Conj/Air       0%         N/A       47%         2
 Sublimation of Blood     Necr           0%         N/A       47%         2
 Call Canine Familiar     Summ           0%         N/A       71%         3
 Dazzling Flash           Conj/Hex       0%         N/A       71%         3
 Ozocubu's Armour         Ice            0%         N/A       71%         3
 Portal Projectile        Hex/Tloc       0%         N/A       71%         3
 Iskenderun's Mystic Bla  Conj/Tloc      0%         2d3       98%         4
 Leda's Liquefaction      Hex/Erth       0%         N/A       98%         4
 Petrify                  Tmut/Erth      0%         N/A       98%         4
 Irradiate                Conj/Tmut      0%         3d13      100%        5
 Lee's Rapid Deconstruct  Erth           0%         3d5*      100%        5
 Lightning Bolt           Conj/Air       0%         1d11      100%        5
 Metabolic Englaciation   Hex/Ice        0%         N/A       100%        5
 Simulacrum               Ice/Necr       0%         N/A       100%        6
 Starburst                Conj/Fire      0%         8x6d3     100%        6
 Ozocubu's Refrigeration  Ice            0%         4d5       100%        7
 Maxwell's Capacitive Co  Air            0%         ∞         100%        8


Dungeon Overview and Level Annotations

Branches:
Dungeon (9/15)             Temple (0/1) D:4            Lair (2/6) D:9
    Orc (0/2) D:9
  Swamp: Lair:2-4    Shoals: Lair:2-4     Snake: Lair:2-4    Spider: Lair:2-4

Altars:
Cheibriados
Dithmenos
Wu Jian
The Shining One

Shops:
D:7 ![=[


Innate Abilities, Weirdness & Mutations

You can spit globs of acid.
Your golden yellow scales are hard. (AC +7)
You cannot fit into any form of body armour.
You are cold-blooded and may be slowed by cold attacks.
You are resistant to acid. (rCorr)


Message History

The polar bear bites you. The polar bear misses you. The polar bear claws you.
You hit the polar bear. You freeze the polar bear.
The polar bear is severely wounded.
The polar bear goes berserk!
You slash the polar bear!
You tail-slap the polar bear, but do no damage.
The polar bear is almost dead.
The polar bear closely misses you. The polar bear claws you.
The polar bear claws you but does no damage.
You hit the polar bear. You freeze the polar bear.
You kill the polar bear!
No target in view!
No target in view!
No target in view!
No target in view!
You have got your breath back.
You can now channel blasts of cleansing flame.
A swamp worm comes into view.
There is a stone staircase leading down here.
A swamp worm is nearby!
A swamp worm is nearby!
A swamp worm is nearby!
A swamp worm is nearby!
A swamp worm is nearby!
Found 15 gold pieces.
No targets found!
No targets found!
An iguana comes into view.
The iguana hisses angrily.
A swamp worm comes into view.
The swamp worm fires a harpoon shot at you.
The harpoon shot hits you.
You are yanked forward by the harpoon shot.
You hit the swamp worm. You freeze the swamp worm.
The swamp worm is moderately wounded.
The swamp worm completely misses you.
You spit a glob of acid.
The glob of acid hits the swamp worm.
The swamp worm is splashed with acid.
The swamp worm is heavily wounded.
The acid splashes onto the swamp worm!
The swamp worm is splashed with acid.
The acid corrodes the swamp worm!
The swamp worm bites you.
The swamp worm fires a harpoon shot at you.
The harpoon shot hits you!
You are yanked forward by the harpoon shot.
The swamp worm fires a harpoon shot at you.
The harpoon shot misses you.
The swamp worm fires a harpoon shot at you.
The harpoon shot hits you.
You are yanked forward by the harpoon shot.
The swamp worm bites you.
The swamp worm fires a harpoon shot at you.
The harpoon shot hits you!
You are yanked forward by the harpoon shot.
The iguana closely misses you.
The swamp worm fires a harpoon shot at you.
The harpoon shot hits you!
You are yanked forward by the harpoon shot.
The iguana closely misses you.
The swamp worm fires a harpoon shot at you.
The harpoon shot misses you.
Aiming: Corrosive Bolt
Press: ? - help, Shift-Dir - straight line, f/p - swamp worm
Aim: a swamp worm (moderately wounded, haloed, 76% to hit)
The bolt of acid hits the swamp worm!
The swamp worm is splashed with acid.
The swamp worm is almost dead.
The bolt of acid hits the iguana!
The iguana is splashed with acid.
The acid corrodes the iguana!
The iguana is almost dead.
You slash the swamp worm! You freeze the swamp worm.
You kill the swamp worm!
The swamp worm is no longer covered in acid.
The swamp worm fires a harpoon shot at you.
The harpoon shot misses you.
Your Fighting skill increases to level 11!
You completely miss the iguana. You tail-slap the iguana.
You kill the iguana!
The swamp worm fires a harpoon shot at you.
The harpoon shot hits you!
You are yanked forward by the harpoon shot.
You slash the swamp worm! You freeze the swamp worm.
The swamp worm is severely wounded.
The swamp worm bites you!
You completely miss the swamp worm.
The swamp worm is severely wounded.
The swamp worm bites you!!
You closely miss the swamp worm.
You tail-slap the swamp worm, but do no damage.
The swamp worm is severely wounded.
The swamp worm bites you!
* * * LOW HITPOINT WARNING * * *
You hit the swamp worm but do no damage.
You tail-slap the swamp worm.
The swamp worm is severely wounded.
The swamp worm closely misses you.
You riposte.
You hit the swamp worm. You freeze the swamp worm.
The swamp worm is severely wounded.
You hit the swamp worm. You freeze the swamp worm.
The swamp worm is almost dead.
The swamp worm bites you!!
You die...

...# #.P.......#
....##........##
.....)....†...###
.................
.......#>....##.
.###..#.##...# #
#....## ......
##.###w.P.##P..####
#....@..$$....#.
#♣♣♣♣♣♣♣..♣♣♣.###
♣≈≈≈≈≈≈w..♣
♣≈≈≈≈≈≈≈≈♣♣
♣≈≈≈≈≈≈≈♣♣
♣♣≈≈≈≈... ♣♣♣♣...♣
§..♣♣ §♣♣♣


You could see a swamp worm.

Vanquished Creatures
  A hydra (Lair:1)
  A two-headed ogre (D:9)
  2 centaur zombies
  4 cane toads
  2 komodo dragons (Lair:2)
  A polar bear (Lair:2)
  A troll (D:9)
  A wraith (D:9)
  14 yaks
  A wyvern (D:8)
  A basilisk (Lair:1)
  A swamp worm (Lair:2)
  Duvessa (D:4)
  7 water moccasins
  3 orc warriors
  3 ice beasts
  4 black bears
  A necrophage (D:7)
  4 ogres
  A centaur (D:9)
  A phantom (D:4)
  A kobold brigand (D:8)
  A wyvern zombie (D:6)
  4 bullfrogs
  2 gnoll sergeants
  5 scorpions
  Dowan (D:4)
  2 water moccasin skeletons
  9 killer bees
  An electric eel (Lair:1)
  3 howler monkeys
  3 hounds
  4 jellies (D:5)
  A bullfrog skeleton (D:6)
  2 iguanas
  2 orc wizards
  A killer bee zombie (D:7)
  A hound skeleton (D:4)
  A howler monkey zombie (D:8)
  18 gnolls
  6 adders
  A white imp (D:6)
  An adder skeleton (D:4)
  2 worms
  4 dart slugs
  14 orcs
  9 endoplasms
  2 giant cockroaches
  9 hobgoblins
  2 jackals (D:4)
  5 quokkas
  7 ball pythons
  4 bats
  5 frilled lizards
  10 goblins
  11 kobolds
  5 rats
214 creatures vanquished.

Vanquished Creatures (collateral kills)
  Harold (Lair:1)
1 creature vanquished.

Vanquished Creatures (others)
  36 fungi
  36 plants
72 creatures vanquished.

Grand Total: 287 creatures vanquished

Notes
Turn   | Place    | Note
-------+----------+-------------------------------------------
     0 | D:1      | SkeletonJelly the Draconian Monk began the quest for the
                  | Orb.
     0 | D:1      | Reached XP level 1. HP: 19/19 MP: 1/1
    77 | D:1      | Found a faded altar of an unknown god.
    88 | D:1      | Became a worshipper of the Shining One
    88 | D:1      | Reached * piety under the Shining One
    88 | D:1      | Reached ** piety under the Shining One
   217 | D:1      | Reached XP level 2. HP: 24/26 MP: 2/2
   970 | D:2      | Reached *** piety under the Shining One
   988 | D:2      | Reached skill level 4 in Long Blades
   988 | D:2      | Reached skill level 1 in Invocations
   988 | D:2      | Reached XP level 3. HP: 5/31 MP: 3/3
  1622 | D:2      | Reached XP level 4. HP: 35/38 MP: 5/5
  1902 | D:3      | Noticed an ogre
  1916 | D:3      | HP: 1/38 [ogre (21)]
  1917 | D:3      | Killed an ogre
  1918 | D:3      | Reached skill level 5 in Long Blades
  1918 | D:3      | Reached XP level 5. HP: 3/45 MP: 2/7
  2172 | D:3      | Found a shadowy altar of Dithmenos.
  2577 | D:4      | Reached XP level 6. HP: 50/51 MP: 4/8
  2593 | D:4      | Reached skill level 6 in Long Blades
  2634 | D:4      | Found a staircase to the Ecumenical Temple.
  2752 | D:4      | Noticed Duvessa
  2752 | D:4      | Noticed Dowan
  2765 | D:4      | Killed Duvessa
  2777 | D:4      | Killed Dowan
  2778 | D:4      | Your scales start taking on a golden yellow colour.
  2778 | D:4      | Reached XP level 7. HP: 4/57 MP: 6/10
  2778 | D:4      | Gained mutation: You are resistant to acid. (rCorr) [Yellow
                  | Draconian growth]
  2857 | D:4      | Reached skill level 7 in Long Blades
  3217 | D:4      | Reached skill level 5 in Invocations
  3440 | D:5      | Entered Level 5 of the Dungeon
  3447 | D:5      | Found an ornate altar of the Wu Jian Council.
  3534 | D:5      | Reached skill level 8 in Long Blades
  3536 | D:5      | HP: 2/57 [ogre (27)]
  3609 | D:5      | Reached XP level 8. HP: 63/63 MP: 12/12
  3756 | D:5      | Reached skill level 9 in Long Blades
  4222 | D:6      | Reached skill level 10 in Long Blades
  4285 | D:6      | Reached XP level 9. HP: 63/70 MP: 14/14
  4849 | D:7      | Found Xuti's Distillery.
  4902 | D:7      | Found Xettet Cumo's Armour Boutique.
  4920 | D:7      | Found Quadynt's Antique Armour Shop.
  4923 | D:7      | Reached **** piety under the Shining One
  4974 | D:7      | Found Zojub's Jewellery Boutique.
  5187 | D:8      | Reached skill level 11 in Long Blades
  5833 | D:9      | Noticed a two-headed ogre
  5842 | D:9      | Killed a two-headed ogre
  5843 | D:9      | Reached skill level 12 in Long Blades
  5843 | D:9      | Reached XP level 10. HP: 41/77 MP: 16/16
  5992 | D:9      | Found a staircase to the Lair.
  5997 | D:9      | Reached skill level 5 in Fighting
  6428 | D:9      | Found a snail-covered altar of Cheibriados.
  6438 | D:9      | Found a staircase to the Orcish Mines.
  6880 | Lair:1   | Entered Level 1 of the Lair of Beasts
  6943 | Lair:1   | Reached skill level 10 in Invocations
  7035 | Lair:1   | Reached XP level 11. HP: 27/95 MP: 18/18
  7113 | Lair:1   | Noticed a seven-headed hydra
  7122 | Lair:1   | Killed a one-headed hydra
  7309 | Lair:1   | Noticed Harold
  7326 | Lair:1   | Killed Harold
  7641 | Lair:1   | Reached skill level 10 in Fighting
  8406 | Lair:2   | Slain by a swamp worm

Illustrated notes

Levels and vault maps discovered:
D:1:      psy_arrival_radial02, layout_loops_corners,
          ebering_ecumenical_altar_mist
D:2:      layout_rooms, hangedman_decor_push, kennysheep_generic_room_7
D:3:      layout_rooms, nicolae_dithmenos_the_darkroom, minmay_ogre_servants
D:4:      layout_cave_pods, minmay_temple_entry_water_ring, uniq_duvessa
D:5:      minmay_spotlight, layout_rooms, nicolae_wu_jian_wuxing_cycle
D:6:      layout_rooms
D:7:      layout_rooms, serial_shops, nicolae_take_the_stairs,
          nicolae_shop_waterfront, nicolae_stop_n_shop_1,
          nicolae_shop_statue_plus
D:8:      layout_basic
D:9:      layout_long_grid, mainiacjoe_overflow_concentric_impassable,
          due_lair_maze_entry_diamond, david_orc_2, st_stairs_6
Lair:1:   layout_gridlike, infiniplex_staircase_pool_2, grunt_megastairs_3,
          uniq_harold
Lair:2:   layout_loops_ring, palyth_hydra_swamp_entry

Skill      XL: |  1  2  3  4  5  6  7  8  9 10 11 |
---------------+----------------------------------+-----
Long Blades    | 4 5 6 8 10 12 | 12.0
Invocations    | 1 2 3 4 5 7 9 10 11 | 11.4
Fighting       | 8 11 | 11.0
Dodging        | |  2.6
Stealth        | |  1.7

Action                   |  1- 3 |  4- 6 |  7- 9 | 10-12 || total
-------------------------+-------+-------+-------+-------++-------
Melee: Falchion          |    88 |   127 |   344 |   302 ||   861
       Tailslap          |    10 |    22 |    78 |    91 ||   201
       Scimitar          |       |       |       |    42 ||    42
Throw: Dart              |       |     5 |       |       ||     5
Invok: Divine Shield     |     1 |     3 |       |     4 ||     8
 Abil: Breathe Acid      |       |       |    26 |    20 ||    46
Evoke: Wand              |       |     7 |     2 |     4 ||    13
  Use: Scroll            |       |       |       |    13 ||    13
       Potion            |       |       |       |     1 ||     1
Armor: Skin              |    35 |    23 |   112 |    63 ||   233
Dodge: Dodged            |    63 |    84 |   201 |   172 ||   520
Block: Other             |     1 |    24 |       |    31 ||    56
       Rpst.: Falchion   |    18 |    24 |    53 |    38 ||   133
       Scimitar          |       |       |       |     4 ||     4
